SL
BOSTON PATRIOTS @ PHOENIX HOTSPUR
08/27/2034
 
TOP OF THE 1ST
Boston Patriots batting - Pitching for Phoenix Hotspur : RHP Masahiro Sakei
Pitching: RHP Masahiro Sakei
Batting: SHB Edward Sterrenburg 0-0: Fly out, F7 (Line Drive, 7)
Batting: LHB Manuel Carmona 0-0: Ball
1-0: Called Strike
1-1: Foul Ball, location: 2F
1-2: Foul Ball, location: 2F
1-2: Ball
2-2: SINGLE (Groundball, 56D)
Batting: LHB Adrián Gómez 0-0: Called Strike
0-1: Ball
1-1: Foul Ball, location: 2F
1-2: Strikes out swinging
Batting: RHB Anselmo Berneu 0-0: Called Strike
0-1: Swinging Strike
0-2: Ball
1-2: Ground out 5-3 (Groundball, 56)
Top of the 1st over - 0 runs, 1 hit, 0 errors, 1 left on base; Boston 0 - Phoenix 0
BOTTOM OF THE 1ST
Phoenix Hotspur batting - Pitching for Boston Patriots : RHP Natalino Golaio
Pitching: RHP Natalino Golaio
Batting: RHB Lopahin Davletyarov 0-0: Ball
1-0: Ball
2-0: Foul Ball, location: 2F
2-1: Foul Ball, location: 2F
2-2: Strikes out swinging
Batting: RHB Kyle Bywaters 0-0: Foul Ball, location: 2F
0-1: Bunted foul
0-2: Ball
1-2: Ground out 5-3 (Groundball, 56)
Batting: LHB Tadayoshi Watanabe 0-0: Called Strike
0-1: Ball
1-1: Ground out 3-1 (Groundball, 34S)
Bottom of the 1st over - 0 runs, 0 hits, 0 errors, 0 left on base; Boston 0 - Phoenix 0
TOP OF THE 2ND
Boston Patriots batting - Pitching for Phoenix Hotspur : RHP Masahiro Sakei
Batting: LHB Jorge Alejándrez 0-0: Called Strike
0-1: Ball
1-1: Ground out 4-3 (Groundball, 4)
Batting: RHB Dennis Wacher 0-0: SINGLE (Groundball, 6MD)
Batting: LHB Stanley Belote 0-0: Ball
Dennis Wacher is caught stealing 2nd base
1-0: Ball
2-0: Foul Ball, location: 2F
2-1: Ground out 1-3 (Groundball, 15)
Top of the 2nd over - 0 runs, 1 hit, 0 errors, 0 left on base; Boston 0 - Phoenix 0
BOTTOM OF THE 2ND
Phoenix Hotspur batting - Pitching for Boston Patriots : RHP Natalino Golaio
Batting: LHB Harumi Takaki 0-0: Ball
1-0: Foul Ball, location: 2F
1-1: Ball
2-1: Called Strike
2-2: Foul Ball, location: 2F
2-2: Ground out 5-3 (Groundball, 15)
Batting: LHB Wagaw Lukongolo 0-0: Ball
1-0: Swinging Strike
1-1: Swinging Strike
1-2: SINGLE (Flyball, 78S)
Batting: RHB Martín Talia 0-0: Called Strike
0-1: Fielders Choice at 2nd, 5-4 (Groundball, 56)
Batting: LHB Francisco García 0-0: TRIPLE (Line Drive, 89XD)
Martín Talia scores
Batting: RHB Julián De Paz 0-0: Called Strike
0-1: Ball
1-1: Ball
2-1: SINGLE (Groundball, 6D)
Francisco García scores
Batting: RHB George Robinson 0-0: Ball
1-0: Ball
2-0: Called Strike
2-1: Foul Ball, location: 2F
2-2: Foul Ball, location: 2F
2-2: Foul Ball, location: 2F
2-2: Strikes out looking
Bottom of the 2nd over - 2 runs, 3 hits, 0 errors, 1 left on base; Boston 0 - Phoenix 2
TOP OF THE 3RD
Boston Patriots batting - Pitching for Phoenix Hotspur : RHP Masahiro Sakei
Batting: RHB Yu-shu Kang 0-0: Ball
1-0: Foul Ball, location: 2F
1-1: Ball
2-1: Fly out, F8 (Flyball, 8RM)
Batting: LHB Juan Alvarado 0-0: Ball
1-0: Swinging Strike
1-1: Foul Ball, location: 2F
1-2: Ball
2-2: Ball
3-2: Ground out U3 (Groundball, 34)
Batting: SHB Edward Sterrenburg 0-0: Foul Ball, location: 2F
0-1: Fly out, F7 (Flyball, 78S)
Top of the 3rd over - 0 runs, 0 hits, 0 errors, 0 left on base; Boston 0 - Phoenix 2
BOTTOM OF THE 3RD
Phoenix Hotspur batting - Pitching for Boston Patriots : RHP Natalino Golaio
Batting: RHB Lopahin Davletyarov 0-0: Ball
1-0: Foul Ball, location: 2F
1-1: Ball
2-1: Fly out, F9 (Flyball, 9)
Batting: RHB Kyle Bywaters 0-0: Ball
1-0: Ball
2-0: Ball
3-0: Base on Balls
Batting: LHB Tadayoshi Watanabe 0-0: Called Strike
0-1: Called Strike
0-2: Ground out U3 (Groundball, 34S)
Kyle Bywaters to second
Batting: LHB Harumi Takaki 0-0: Ball
1-0: Called Strike
1-1: Ball
2-1: Called Strike
2-2: Strikes out looking
Bottom of the 3rd over - 0 runs, 0 hits, 0 errors, 1 left on base; Boston 0 - Phoenix 2
TOP OF THE 4TH
Boston Patriots batting - Pitching for Phoenix Hotspur : RHP Masahiro Sakei
Batting: LHB Manuel Carmona 0-0: Ball
1-0: Foul Ball, location: 2F
1-1: Foul Ball, location: 2F
1-2: Foul Ball, location: 2F
1-2: Ball
2-2: Fly out, F5 (Line Drive, 5)
Batting: LHB Adrián Gómez 0-0: Swinging Strike
0-1: Ball
1-1: Foul Ball, location: 2F
1-2: Ball
2-2: Ground out U3 (Groundball, 3L)
Batting: RHB Anselmo Berneu 0-0: SINGLE (Line Drive, 6MD)
Batting: LHB Jorge Alejándrez 0-0: Called Strike
0-1: Ground out 4-3 (Groundball, 4)
Top of the 4th over - 0 runs, 1 hit, 0 errors, 1 left on base; Boston 0 - Phoenix 2
BOTTOM OF THE 4TH
Phoenix Hotspur batting - Pitching for Boston Patriots : RHP Natalino Golaio
Batting: LHB Wagaw Lukongolo 0-0: Foul Ball, location: 2F
0-1: Ball
1-1: Ball
2-1: Ball
3-1: Swinging Strike
3-2: Base on Balls
Batting: RHB Martín Talia 0-0: Ball
1-0: Foul Ball, location: 2F
1-1: TRIPLE (Flyball, 78XD)
Wagaw Lukongolo scores
Pitching: LHP Bradley Roth
Batting: LHB Francisco García 0-0: Foul Ball, location: 2F
0-1: Swinging Strike
0-2: Ball
1-2: Ball
2-2: Strikes out swinging
Batting: RHB Julián De Paz 0-0: Called Strike
0-1: Ball
1-1: Ball
2-1: Called Strike
Steal of home, Martín Talia is safe
2-2: Foul Ball, location: 2F
2-2: Ground out 5-3 (Groundball, 56)
Batting: RHB George Robinson 0-0: Ball
1-0: Foul Ball, location: 2F
1-1: Foul Ball, location: 2F
1-2: Ball
2-2: Strikes out looking
Bottom of the 4th over - 2 runs, 1 hit, 0 errors, 0 left on base; Boston 0 - Phoenix 4
TOP OF THE 5TH
Boston Patriots batting - Pitching for Phoenix Hotspur : RHP Masahiro Sakei
Batting: RHB Dennis Wacher 0-0: Ball
1-0: Ball
2-0: Ball
3-0: Base on Balls
Batting: LHB Stanley Belote 0-0: Ball
1-0: Ball
Dennis Wacher steals 2nd base
2-0: Called Strike
2-1: Ball
3-1: Called Strike
3-2: Foul Ball, location: 2F
3-2: Base on Balls
Batting: RHB Yu-shu Kang 0-0: Ball
1-0: Ball
2-0: Called Strike
2-1: SINGLE (Groundball, 6) (infield hit)
Dennis Wacher to third
Stanley Belote to second
Batting: LHB Juan Alvarado 0-0: Ball
1-0: Ball
2-0: Foul Ball, location: 2F
2-1: Foul Ball, location: 2F
2-2: Foul Ball, location: 2F
2-2: Strikes out swinging
Batting: SHB Edward Sterrenburg 0-0: Ball
1-0: Ball
2-0: DOUBLE (Groundball, 5L)
Dennis Wacher scores
Stanley Belote scores
Yu-shu Kang to third
Runner from 3rd tries for Home, SAFE, no throw
Batting: LHB Manuel Carmona 0-0: Ground out 4-3 (Groundball, 4)
Edward Sterrenburg to third
Batting: LHB Adrián Gómez 0-0: Ball
1-0: Ball
2-0: Called Strike
2-1: Swinging Strike
2-2: Fly out, F8 (Line Drive, 8LXD)
Top of the 5th over - 3 runs, 2 hits, 0 errors, 1 left on base; Boston 3 - Phoenix 4
BOTTOM OF THE 5TH
Phoenix Hotspur batting - Pitching for Boston Patriots : LHP Bradley Roth
Batting: RHB Lopahin Davletyarov 0-0: Swinging Strike
0-1: Ball
1-1: Swinging Strike
1-2: Foul Ball, location: 2F
1-2: Ball
2-2: Foul Ball, location: 2F
2-2: Strikes out swinging
Batting: RHB Kyle Bywaters 0-0: Foul Ball, location: 2F
0-1: Bunt for hit - play at first, batter OUT! 1-3
Batting: LHB Tadayoshi Watanabe 0-0: Ball
1-0: Ball
2-0: Ground out U3 (Groundball, 34)
Bottom of the 5th over - 0 runs, 0 hits, 0 errors, 0 left on base; Boston 3 - Phoenix 4
TOP OF THE 6TH
Boston Patriots batting - Pitching for Phoenix Hotspur : RHP Masahiro Sakei
Batting: RHB Anselmo Berneu 0-0: Called Strike
0-1: SINGLE (Flyball, 9LM)
Batting: LHB Jorge Alejándrez 0-0: Foul Ball, location: 2F
0-1: Ball
1-1: Swinging Strike
1-2: Foul Ball, location: 2F
1-2: Ball
2-2: Strikes out looking
Batting: RHB Dennis Wacher 0-0: Called Strike
0-1: Swinging Strike
0-2: Ball
1-2: Fielders Choice at 2nd, 6-4 (Groundball, 6)
Batting: LHB Stanley Belote 0-0: Ball
1-0: Ball
2-0: Called Strike
2-1: Ball
3-1: Ground out 1-3 (Groundball, 13S)
Top of the 6th over - 0 runs, 1 hit, 0 errors, 1 left on base; Boston 3 - Phoenix 4
BOTTOM OF THE 6TH
Phoenix Hotspur batting - Pitching for Boston Patriots : LHP Bradley Roth
Pitching: RHP Armando Garay
Batting: LHB Harumi Takaki 0-0: Ball
1-0: Swinging Strike
1-1: Swinging Strike
1-2: Reached on error, E3 (Groundball, 3)
Batting: LHB Wagaw Lukongolo Pickoff Throw to First - Out!
0-0: Foul Ball, location: 2F
0-1: Ball
1-1: Foul Ball, location: 2F
1-2: Ball
2-2: Strikes out swinging
Batting: RHB Martín Talia 0-0: Ball
1-0: Ground out 4-3 (Groundball, 4M)
Bottom of the 6th over - 0 runs, 0 hits, 1 error, 0 left on base; Boston 3 - Phoenix 4
TOP OF THE 7TH
Boston Patriots batting - Pitching for Phoenix Hotspur : RHP Masahiro Sakei
Batting: RHB Yu-shu Kang 0-0: Ball
1-0: Fly out, F4 (Line Drive, 34)
Batting: LHB Juan Alvarado 0-0: Called Strike
0-1: Fly out, F9 (Flyball, 89M)
Batting: SHB Edward Sterrenburg 0-0: Ball
1-0: Called Strike
1-1: Ball
2-1: Ball
3-1: Base on Balls
Batting: LHB Manuel Carmona 0-0: Ball
1-0: Fielders Choice at 2nd, 6-4 (Groundball, 6)
Top of the 7th over - 0 runs, 0 hits, 0 errors, 1 left on base; Boston 3 - Phoenix 4
BOTTOM OF THE 7TH
Phoenix Hotspur batting - Pitching for Boston Patriots : RHP Armando Garay
Batting: LHB Francisco García 0-0: Called Strike
0-1: Ball
1-1: Foul Ball, location: 2F
1-2: Strikes out swinging
Batting: RHB Julián De Paz 0-0: Called Strike
0-1: Ground out 3-1 (Groundball, 34)
Batting: RHB George Robinson 0-0: Called Strike
0-1: Ground out 5-3 (Groundball, 56)
Bottom of the 7th over - 0 runs, 0 hits, 0 errors, 0 left on base; Boston 3 - Phoenix 4
TOP OF THE 8TH
Boston Patriots batting - Pitching for Phoenix Hotspur : RHP Masahiro Sakei
Batting: LHB Adrián Gómez 0-0: Fly out, F6 (Line Drive, 6)
Batting: RHB Anselmo Berneu 0-0: Ball
1-0: Ground out 5-3 (Groundball, 56S)
Batting: LHB Jorge Alejándrez 0-0: Called Strike
0-1: Called Strike
0-2: Foul Ball, location: 2F
0-2: SINGLE (Flyball, 7S)
Batting: RHB Dennis Wacher 0-0: Called Strike
0-1: Swinging Strike
0-2: Strikes out swinging
Top of the 8th over - 0 runs, 1 hit, 0 errors, 1 left on base; Boston 3 - Phoenix 4
BOTTOM OF THE 8TH
Phoenix Hotspur batting - Pitching for Boston Patriots : RHP Armando Garay
Batting: RHB Lopahin Davletyarov 0-0: Ball
1-0: Ball
2-0: Swinging Strike
2-1: Foul Ball, location: 2F
2-2: Foul Ball, location: 2F
2-2: Foul Ball, location: 2F
2-2: Strikes out swinging
Batting: RHB Kyle Bywaters 0-0: Ball
1-0: Ball
2-0: Ball
3-0: Called Strike
3-1: Ground out 5-3 (Groundball, 5)
Batting: LHB Tadayoshi Watanabe 0-0: Foul Ball, location: 2F
0-1: Called Strike
0-2: Ground out 4-3 (Groundball, 34)
Bottom of the 8th over - 0 runs, 0 hits, 0 errors, 0 left on base; Boston 3 - Phoenix 4
TOP OF THE 9TH
Boston Patriots batting - Pitching for Phoenix Hotspur : RHP Masahiro Sakei
Batting: LHB Stanley Belote 0-0: Called Strike
0-1: Ball
1-1: Ball
2-1: Ball
3-1: Called Strike
3-2: Base on Balls
Pitching: RHP Morris Prinkey
Batting: RHB Yu-shu Kang 0-0: Fly out, F7 (Flyball, 78D)
Runner from 1st tags up, SAFE at 2nd
Batting: LHB Juan Alvarado 0-0: Called Strike
0-1: Swinging Strike
0-2: Strikes out swinging
Batting: SHB Edward Sterrenburg 0-0: Ball
1-0: Ball
2-0: Swinging Strike
2-1: Ball
3-1: Base on Balls
Batting: LHB Manuel Carmona 0-0: Ball
1-0: Ball
2-0: Fly out, F6 (Popup, 6MD)
Top of the 9th over - 0 runs, 0 hits, 0 errors, 2 left on base; Boston 3 - Phoenix 4
Friday, March 29th, 2019 - OOTP Baseball 18.8 Build 76